 Dungeon Crawl Stone Soup version 0.17.0-1-g61d176b (webtiles) character file.

9416 kanehunamoku the Blocker (level 11, -2/83 HPs)
             Began as a Mummy Fighter on Nov 7, 2015.
             Was a High Priest of Qazlal.
             Slain by a yak (4 damage)
             ... on level 10 of the Dungeon.
             The game lasted 00:33:54 (11153 turns).

kanehunamoku the Blocker (Mummy Fighter)           Turns: 11153, Time: 00:33:55

Health: -2/83      AC: 22    Str: 23    XL:     11   Next: 22%
Magic:  3/3        EV:  7    Int:  8    God:    Qazlal [*****.]
Gold:   518        SH: 19    Dex: 11    Spells: 0 memorised, 10 levels left

rFire  . . .     SeeInvis .     y - +6 mace of Trog's Fury {antimagic, rC+}
rCold  + . .     Clarity  .     r - +0 plate armour
rNeg   + + +     SustAt   .     c - +1 shield
rPois  ∞         Gourm    .     q - +0 helmet
rElec  .         Spirit   .     g - +0 cloak
rCorr  .         Warding  +     i - +0 pair of gloves
rMut   .         Stasis   .     l - +1 pair of boots
MR     +....                    s - amulet of warding
Stlth  ..........               (no ring)
                                u - ring of fire

@: protected from physical damage, repel missiles, somewhat resistant to hostile
enchantments, extremely unstealthy
A: no food or potions, fire vulnerability, cold resistance 1, negative energy
resistance 3, torment resistance, unbreathing
a: Upheaval, Elemental Force, Disaster Area, Renounce Religion


You were on level 10 of the Dungeon.
You worshipped Qazlal.
Qazlal was extremely pleased with you.
You were not hungry.

You visited 3 branches of the dungeon, and saw 13 of its levels.
You also visited: Ossuary.

You collected 623 gold pieces.
You spent 105 gold pieces at shops.

Inventory:

Hand Weapons
 a - a +0 long sword
 e - a +3 short sword of draining
 y - the +6 mace of Trog's Fury (weapon) {antimagic, rC+}
   (You found it on level 9 of the Dungeon)

   It disrupts the flow of magical energy around spellcasters and certain
   magical creatures (including the wielder).
   It protects you from cold.
Armour
 c - a +1 shield (worn)
 g - a +0 cloak (worn)
 i - a +0 pair of gloves (worn)
 l - a +1 pair of boots (worn)
 q - a +0 helmet (worn)
 r - a +0 plate armour (worn)
Rods
 d - a +0 lightning rod (12/12)
   (You found it on level 3 of the Dungeon)
 k - a +0 rod of ignition (11/11)
   (You took it off a centaur on level 5 of the Dungeon)
Jewellery
 n - the ring "Suadiyf" {-Tele rPois rN+ Str+4}
   (You found it on level 4 of the Dungeon)

   [ring of positive energy]

   It affects your strength (+4).
   It protects you from poison.
   It protects you from negative energy.
   It prevents most forms of teleportation.
 s - an amulet of warding (around neck)
 u - a ring of fire (left hand)
 z - a cursed -3 ring of strength {unknown}
Wands
 b - a wand of enslavement (10)
 f - a wand of fireball (8)
 v - a wand of slowing (34)
 w - a wand of fire (13)
 A - a wand of heal wounds (0)
Scrolls
 j - 5 scrolls of magic mapping
 m - 5 scrolls of amnesia
 o - 2 scrolls of remove curse
 p - a scroll of identify
 x - a scroll of vulnerability
Books
 B - a book of Necromancy

   Spells                             Type                      Level
   a - Pain                           Necromancy                   1
   b - Animate Skeleton               Necromancy                   1
   c - Vampiric Draining              Necromancy                   3
   d - Regeneration                   Charms/Necromancy            3
   e - Animate Dead                   Necromancy                   4
   f - Control Undead                 Necromancy                   4


   Skills:
 + Level 6.6 Fighting
 + Level 6.2(6.4) Short Blades
 + Level 1.7(4.3) Long Blades
 + Level 1.9 Maces & Flails
 + Level 6.9 Armour
 + Level 4.3 Dodging
 + Level 1.4 Stealth
 + Level 9.5 Shields


You had 10 spell levels left.
You didn't know any spells.

Dungeon Overview and Level Annotations

Branches:
Dungeon (11/15)            Temple (1/1) D:4            Lair (1/8) D:9
    Orc: D:9-12

Altars:
Ashenzari
Cheibriados
Dithmenos
Elyvilon
Fedhas
Gozag
Kikubaaqudgha
Makhleb
Nemelex Xobeh
Okawaru
Qazlal
Ru
Sif Muna
Trog
Vehumet
Xom
Yredelemnul
Zin
The Shining One

Shops:
D:8 ?

Annotations:
D:5 Prince Ribbit
D:10 Maud


Innate Abilities, Weirdness & Mutations

You do not eat or drink.
Your flesh is vulnerable to fire.
You are immune to poison.
Your flesh is cold resistant.
You are immune to negative energy.
You are immune to unholy pain and torment.
You can survive without breathing.


Message History

The orc warrior hits you but does no damage.
You don't have enough magic capacity.
You sock the yak!
The yak is severely wounded.
You block the yak's attack. You block the orc warrior's attack.
You block the yak's attack.
A yak comes into view.
You hit the yak.
The yak is almost dead.
You block the orc warrior's attack.
You hit the yak.
The yak is moderately wounded.
You block the orc warrior's attack.
You closely miss the yak.
The yak is moderately wounded.
The yak gores you.
* * * LOW HITPOINT WARNING * * *
The orc warrior hits you but does no damage.
The yak gores you.
You die...

....# ###.### #†.#
#.....# ##..#
####g#.#.# ....#
#....#.#g# #.T§#
#...o@.#O# ....##
#...§###o# .....#
##.#Y# #.# #..§##
#.#@###o#
#{.#########.#YY@..#
#.....@......#######
##############


You could see Maud, 2 yaks and an orc warrior.

Vanquished Creatures
  Nergalle (D:10)
  The ghost of Canard the Quickloader, a novice KoHu (D:7)
  A hill giant (D:10)
  2 two-headed ogres (D:9)
  2 wyverns (D:8)
  2 hippogriffs
  Grum (D:9)
  A steam dragon (D:10)
  6 yaks (Lair:1)
  A hungry ghost (D:11)
  A mottled dragon (D:10)
  4 wolves (D:9)
  Duvessa (D:5)
  A sky beast (D:9)
  3 orc warriors
  2 ice beasts
  A black bear (D:9)
  A necrophage (D:9)
  A phantom (D:4)
  9 ogres
  8 centaurs
  A big kobold (D:9)
  Blork the orc (D:4)
  5 giant frogs
  An elf skeleton (D:7)
  Dowan (D:5)
  A water moccasin zombie (D:5)
  5 scorpions
  A water moccasin skeleton (D:9)
  3 wights (D:9)
  3 crimson imps
  5 hounds
  3 orc priests
  9 orc wizards
  A jelly (D:5)
  Ijyb (D:2)
  2 human zombies (Ossuary)
  An iguana (D:4)
  2 human skeletons (D:7)
  10 worker ants
  2 killer bee zombies
  A big kobold zombie (Ossuary)
  6 sheep (Lair:1)
  2 hound skeletons (D:5)
  4 mummies (Ossuary)
  A worker ant zombie (D:10)
  9 adders
  7 gnolls (D:4)
  18 river rats
  2 oozes
  2 adder zombies (Ossuary)
  An adder skeleton (D:6)
  2 worms
  2 giant geckos
  29 orcs
  11 bats
  16 goblins
  5 hobgoblins
  2 ball pythons
  3 giant cockroaches
  A giant gecko zombie (D:9)
  6 giant newts
  A goblin zombie (Ossuary)
  A hobgoblin zombie (Ossuary)
  6 jackals
  25 kobolds
  2 kobold zombies (Ossuary)
  2 orc skeletons (D:7)
  3 orc zombies
  5 quokkas
  16 rats
  A rat zombie (Ossuary)
  20 fungi (D:9)
  9 plants (D:9)
329 creatures vanquished.

Vanquished Creatures (others)
  A sky beast (D:10)
  15 fungi
  3 plants (D:9)
19 creatures vanquished.

Grand Total: 348 creatures vanquished

Notes
Turn   | Place    | Note
--------------------------------------------------------------
     0 | D:1      | kanehunamoku the Mummy Fighter began the quest for the Orb.
     0 | D:1      | Reached XP level 1. HP: 18/18 MP: 1/1
   126 | D:1      | Reached XP level 2. HP: 21/24 MP: 2/2
   561 | D:2      | Noticed Ijyb
   571 | D:2      | Killed Ijyb
   571 | D:2      | Reached skill level 1 in Dodging
   571 | D:2      | Reached XP level 3. HP: 29/29 MP: 3/3
   653 | D:2      | Noticed an ogre
   653 | D:2      | Noticed a giant frog
   972 | D:2      | Found a faded altar to an unknown god.
  1283 | D:3      | Reached XP level 4. HP: 35/35 MP: 4/4
  1473 | D:3      | Noticed a centaur
  1484 | D:3      | Killed a centaur
  1484 | D:3      | Reached skill level 1 in Short Blades
  1484 | D:3      | Reached XP level 5. HP: 22/41 MP: 5/5
  1717 | D:3      | Found a stormy altar of Qazlal.
  1726 | D:3      | Became a worshipper of Qazlal Stormbringer
  2215 | D:3      | Reached * piety under Qazlal
  2282 | D:3      | Noticed an orc warrior
  2293 | D:3      | Killed an orc warrior
  2293 | D:3      | Reached XP level 6. HP: 34/47 MP: 6/6
  2317 | D:3      | Found a blossoming altar of Fedhas.
  2318 | D:3      | Found a shadowy altar of Dithmenos.
  2334 | D:4      | Found a shattered altar of Ashenzari.
  2405 | D:4      | Reached skill level 4 in Shields
  2762 | D:4      | Reached XP level 7. HP: 53/53 MP: 7/7
  2985 | D:4      | Noticed Blork the orc
  3084 | D:4      | Killed Blork the orc
  3601 | D:4      | Found a staircase to the Ecumenical Temple.
  3635 | D:4      | Got an ancient marble ring
  3639 | D:4      | Identified the ring "Suadiyf" {-Tele rPois rN+ Str+4} (You found it on level 4 of the Dungeon)
  3650 | Temple   | Entered the Ecumenical Temple
  3870 | D:5      | Entered Level 5 of the Dungeon
  3911 | D:5      | Reached ** piety under Qazlal
  3948 | D:5      | Noticed Prince Ribbit
  4339 | D:5      | Noticed Duvessa
  4340 | D:5      | Noticed Dowan
  4484 | D:5      | Found a burning altar of Makhleb.
  4485 | D:5      | Found a radiant altar of Vehumet.
  4509 | D:5      | Reached skill level 5 in Shields
  4509 | D:5      | Reached XP level 8. HP: 40/60 MP: 8/8
  4741 | D:5      | Killed Duvessa
  4767 | D:5      | Killed Dowan
  5292 | D:5      | Reached skill level 6 in Shields
  5562 | D:6      | Found an opulent altar of Gozag.
  5762 | D:6      | Reached skill level 5 in Armour
  5762 | D:6      | Reached XP level 9. HP: 66/66 MP: 9/9
  6533 | D:7      | Found a shimmering altar of Xom.
  6566 | D:7      | Reached *** piety under Qazlal
  6627 | D:7      | Found a white marble altar of Elyvilon.
  6696 | D:7      | Identified a scroll of acquirement
  6697 | D:7      | Got a heavily runed chain mail
  6709 | D:7      | Identified the +1 chain mail "Icevoiwn" {rN+} (You acquired it on level 7 of the Dungeon)
  6807 | D:7      | Reached skill level 5 in Fighting
  6871 | D:7      | Found a sand-covered staircase.
  6880 | Ossuary  | Entered an ossuary
  7231 | D:7      | Noticed Canard's ghost (novice KoHu)
  7279 | D:7      | Killed Canard's ghost
  7279 | D:7      | Reached skill level 1 in Stealth
  7279 | D:7      | Reached skill level 7 in Shields
  7771 | D:7      | Found a basalt altar of Yredelemnul.
  7910 | D:8      | Found Fomyju Ufino's Magic Scroll Shop.
  7918 | D:8      | Reached skill level 5 in Short Blades
  7924 | D:8      | Bought a scroll of blinking for 75 gold pieces
  7924 | D:8      | Bought a scroll of remove curse for 30 gold pieces
  8000 | D:8      | Reached XP level 10. HP: 74/74 MP: 10/10
  8360 | D:8      | Found a blossoming altar of Fedhas.
  8652 | D:9      | Reached **** piety under Qazlal
  8683 | D:9      | Found a staircase to the Lair.
  8701 | D:9      | Reached skill level 8 in Shields
  8745 | Lair:1   | Entered Level 1 of the Lair of Beasts
  9293 | D:9      | Got an iridescent mace
  9294 | D:9      | Identified the +6 mace of Trog's Fury {antimagic, rC+} (You found it on level 9 of the Dungeon)
  9315 | D:9      | Noticed Grum
  9549 | D:9      | Killed Grum
  9549 | D:9      | Reached skill level 9 in Shields
  9958 | D:9      | Reached skill level 1 in Maces & Flails
 10254 | D:10     | Entered Level 10 of the Dungeon
 10267 | D:10     | Reached XP level 11. HP: 68/81 MP: 3/11
 10335 | D:10     | Noticed a hill giant
 10341 | D:10     | Killed a hill giant
 10353 | D:10     | HP: 3/82 [steam dragon/ball of steam (10)]
 10740 | D:10     | Reached ***** piety under Qazlal
 10914 | D:10     | Noticed Nergalle
 10959 | D:10     | Killed Nergalle
 10981 | D:10     | Noticed a hill giant
 10991 | D:10     | HP: 1/83 [hill giant/giant spiked club (18)]
 11075 | D:10     | Noticed Maud
 11153 | D:10     | HP: 2/83 [yak (5)]
 11153 | D:10     | Slain by a yak

Action                   |  1- 3 |  4- 6 |  7- 9 | 10-12 || total
-------------------------+-------+-------+-------+-------++-------
Melee: Long sword        |    32 |       |       |       ||    32
       Short sword       |    63 |   179 |   645 |   271 ||  1158
       Mace              |       |       |       |   249 ||   249
Invok: Upheaval          |       |       |       |     1 ||     1
Evoke: Wand              |       |       |       |     1 ||     1
  Use: Scroll            |     5 |     6 |     6 |    10 ||    27
